 Dungeon Sprint DCSS version 0.31-a0-271-gb88eb75e06 (webtiles) character file.

Game seed: 925727887116922202

468 dialectric the Carver (level 6, -1/52 HPs)
             Began as a Demonspawn Gladiator on July 14, 2023.
             Succumbed to a scorpion's poison
             ... in the Dungeon (Sprint II: "The Violet Keep of Menkaure").
             The game lasted 00:00:50 (230 turns).

dialectric the Carver (Demonspawn Gladiator)         Turns: 230, Time: 00:00:50

Health: -1/52      AC:  6    Str: 16    XL:     6   Next: 81%
Magic:  6/6        EV: 15    Int:  9    God:
Gold:   243        SH:  0    Dex: 15    Spells: 5/5 levels left

rFire   . . .        a - +0 long sword
rCold   . . .        (no shield)
rNeg    . . .        b - +0 leather armour
rPois   .            c - +0 helmet
rElec   .            (no cloak)
rCorr   .            (no gloves)
SInv    .            (no boots)
Will    .....        (no amulet)
Stlth   +            (no ring)
HPRegen 0.28/turn    (no ring)
MPRegen 0.10/turn

%: no teleportation
@: lethally poisoned (-1 -> -9)
A: molten scales 1, spiny 2
a: no special abilities


You were in the Dungeon.
You visited 1 branch You collected 243 gold pieces.

Inventory:

Hand Weapons
 a - a +0 long sword (weapon)
Missiles
 d - 2 throwing nets (quivered)
 e - a javelin
Armour
 b - a +0 leather armour (worn)
 c - a +0 helmet (worn)
Scrolls
 k - a scroll of blinking
Potions
 f - a potion of curing
 h - a potion of haste
 i - 2 potions of magic


   Skills:
 + Level 5.6 Fighting
 + Level 9.0 Long Blades
 - Level 2.7 Throwing
 * Level 5.0 Armour
 + Level 7.7 Dodging


You had 5 spell levels left.
You didn't know any spells.
Your spell library was empty.

Dungeon Overview and Level Annotations

Branches:
Dungeon (1/1)

Altars:

Shops:
D ==

Annotations:
D exclusion: orange crystal statue


Innate Abilities, Weirdness & Mutations

You are partially covered in molten scales. (AC +2)
You are mostly covered in sharp spines.


Message History

You feel sick. The scorpion stings you.
You are more poisoned.
The scorpion poisons you!
You slash the scorpion!
The scorpion is almost dead.
You feel very sick. The scorpion stings you.
You are lethally poisoned!
The scorpion poisons you!
You closely miss the scorpion.
The scorpion is almost dead.
You feel very sick. The scorpion barely misses you.
You hit the scorpion.
You kill the scorpion!
* * * LOW HITPOINT WARNING * * *
You feel very sick.
Your Long Blades skill increases to level 9!
Your Armour skill increases to level 5!
Unknown command.
Unknown command.
You barely miss the scorpion.
* * * LOW HITPOINT WARNING * * *
You feel very sick. The scorpion stings you.
* * * LOW HITPOINT WARNING * * *
You hit the scorpion.
The scorpion is lightly wounded.
* * * LOW HITPOINT WARNING * * *
You feel very sick. The scorpion stings you.
* * * LOW HITPOINT WARNING * * *
You slash the scorpion!
The scorpion is heavily wounded.
* * * LOW HITPOINT WARNING * * *
You feel sick. The scorpion misses you. The scorpion is struck by your spines.
The scorpion closely misses you.
You hit the scorpion but do no damage.
The scorpion is severely wounded.
You die...

###~~#+++#+++##
##~~~.........#
.#~~~~.##'##..#
∩#~~~~##...##
.#~~~~#..#..#
∩#~~# ##.#.##
.#~##. ##†##
.#~ #..##.## .+
#s@<.+ #.s##.##
#. #+# #


You could see 2 scorpions.

Vanquished Creatures
  A water moccasin (D)
  2 scorpions (D)
  4 necrophages (D)
7 creatures vanquished.

Vanquished Creatures (others)
  Menkaure (D)
  A water moccasin (D)
2 creatures vanquished.

Grand Total: 9 creatures vanquished

Notes
Turn   | Place    | Note
-------+----------+-------------------------------------------
     0 | D        | dialectric the Demonspawn Gladiator began the quest for the
                  | Orb.
     0 | D        | Reached XP level 1. HP: 16/16 MP: 1/1
     1 | D        | Noticed a necrophage
     1 | D        | Noticed a necrophage
     1 | D        | Noticed a necrophage
     1 | D        | Noticed a necrophage
     9 | D        | Killed a necrophage
    10 | D        | Reached skill level 5 in Long Blades
    10 | D        | Gained mutation: You are partially covered in sharp spines.
                  | [demonic ancestry]
    10 | D        | Reached XP level 2. HP: 24/24 MP: 2/2
    10 | D        | Reached XP level 3. HP: 29/29 MP: 3/3
    13 | D        | Killed a necrophage
    14 | D        | Reached skill level 6 in Long Blades
    14 | D        | Reached skill level 5 in Dodging
    14 | D        | Gained mutation: You are mostly covered in sharp spines.
                  | [demonic ancestry]
    14 | D        | Reached XP level 4. HP: 37/37 MP: 4/4
    17 | D        | Killed a necrophage
    18 | D        | Reached skill level 7 in Long Blades
    18 | D        | Gained mutation: You are partially covered in molten
                  | scales. (AC +2) [demonic ancestry]
    18 | D        | Reached XP level 5. HP: 43/43 MP: 5/5
    31 | D        | Noticed an orange crystal statue
    33 | D        | Noticed a water moccasin
    34 | D        | Found Waowkimo's Jewellery Boutique.
    34 | D        | Found Sacesse's Jewellery Shop.
    44 | D        | Killed a water moccasin
    45 | D        | Reached skill level 5 in Fighting
    45 | D        | Reached skill level 8 in Long Blades
    45 | D        | Reached XP level 6. HP: 8/51 MP: 6/6
    82 | D        | Killed a water moccasin
   135 | D        | Killed Menkaure
   227 | D        | Reached skill level 9 in Long Blades
   227 | D        | Reached skill level 5 in Armour
   229 | D        | HP: 1/52 [poisoned by a scorpion]
   230 | D        | Succumbed to a scorpion's poison

Illustrated notes

Levels and vault maps discovered:
D:        the_violet_keep_of_menkaure [sprint2_stairs_cluster_1,
          sprint2_shoproom, sprint2_temple, sprint2_basic_supplies,
          sprint2_obstacle_7, sprint2_obstacle_5, sprint2_obstacle_4,
          sprint2_obstacle_3, sprint2_obstacle_6, sprint2_timed_cluster_1,
          sprint2_smallroom_cluster_1, sprint2_smallroom_final_cluster_1,
          sprint2_transparent_cluster_1, sprint2_second_timed_cluster_1,
          sprint2_sniper_area_1, sprint2_heavy_combat_area_1,
          sprint2_mutation_trap_area_1, sprint2_forest_area_1,
          sprint2_light_combat_area_1, sprint2_behind_water_1,
          sprint2_near_end_vault_1]

Skill      XL: |  1  2  3  4  5  6 |
---------------+-------------------+-----
Fighting       | 3 4 5 |  5.6
Long Blades    | 5 6 7 8 9 |  9.0
Throwing       | 2 |  2.7
Dodging        | 4 5 6 7 |  7.7
Armour         | 2 3 4 5 |  5.0

Action                     |  1- 3 |  4- 6 || total
---------------------------+-------+-------++-------
  Melee: Long sword        |    11 |    33 ||    44
  Throw: Throwing net      |       |     1 ||     1
    Use: Potion            |     1 |     1 ||     2
 Armour: Leather armour    |     1 |     4 ||     5
  Dodge: Dodged            |     2 |    17 ||    19

Table legend: (Time is in decaauts)
 A = Elapsed time spent in this place.
 B = Non-inter-level travel time spent in this place.
 C = Inter-level travel time spent in this place.
 D = Time resting spent in this place.
 E = Time spent auto-exploring this place.
 F = Levels seen in this place.
 G = Mean time per level.
                   A        B        C        D        E       F      G
               +--------+--------+--------+--------+--------+-----+--------+
         Total |    234 |    234 |      0 |    157 |      0 |   1 |  234.0 |
       Dungeon |    234 |    234 |      0 |    157 |      0 |   1 |  234.0 |
               +--------+--------+--------+--------+--------+-----+--------+

Top non-repeatable levels by time:
       D: 234 daAuts
